 Dungeon Crawl Stone Soup version 0.22-a0-533-g4d20840e7c (webtiles) character file.

99 Niddhogr the Sneak (level 5, -3/41 HPs)
             Began as a Formicid Fighter on June 22, 2018.
             Killed by divine providence
             ... invoked by an orc priest
              (16 damage)
             ... on level 3 of the Dungeon.
             The game lasted 00:02:58 (1662 turns).

Niddhogr the Sneak (Formicid Fighter)               Turns: 1662, Time: 00:02:59

Health: -3/41      AC:  8    Str: 20    XL:     5   Next: 2%
Magic:  5/5        EV:  7    Int:  8    God:
Gold:   118        SH:  9    Dex: 11    Spells: 4/4 levels left

rFire    . . .     SeeInvis +   a - +0 trident
rCold    . . .     Gourm    .   c - +0 shield
rNeg     . . .     Faith    .   b - +0 scale mail
rPois    .         Spirit   .   (helmet unavailable)
rElec    .         Reflect  .   (no cloak)
rCorr    .         Harm     .   j - +0 pair of gloves
MR       .....                  (no boots)
Stlth    +.........             (no amulet)
HPRegen  0.13/turn              (no ring)
MPRegen  0.09/turn              (no ring)

@: no status effects
A: permanent stasis, dig shafts and tunnels, four strong arms, antennae 3
a: Dig, Shaft Self


You were on level 3 of the Dungeon.
You were not hungry.

You visited 1 branch of the dungeon, and saw 3 of its levels.

You collected 118 gold pieces.

Inventory:

Hand Weapons
 a - a +0 trident (weapon)
Armour
 b - a +0 scale mail (worn)
 c - a +0 shield (worn)
 j - a +0 pair of gloves (worn)
Jewellery
 m - a cursed ring of loudness {unknown}
Scrolls
 e - a scroll of amnesia {unknown}
 g - a scroll of noise {unknown}
 i - 2 scrolls of remove curse {unknown}
 k - 2 scrolls of identify {unknown}
 l - a scroll of teleportation {unknown}
Potions
 d - a potion of might
 h - 2 potions of curing {unknown}
Comestibles
 f - 4 rations
 n - 2 chunks of flesh


   Skills:
 - Level 3.2 Fighting
 + Level 3.6 Polearms
 - Level 3.2 Armour
 + Level 3.8 Stealth
 - Level 3.6 Shields


You had 4 spell levels left.
You didn't know any spells.
Your spell library was empty.

Dungeon Overview and Level Annotations

Branches:
Dungeon (3/15)

Altars:
Zin

Annotations:
D:3 2 transporters, Sigmund


Innate Abilities, Weirdness & Mutations

You cannot be hasted, slowed, berserked, paralysed or teleported.
You can dig through walls and to a lower floor.
Your four strong arms can wield two-handed weapons with a shield.
You have a pair of large antennae on your head. (SInv)


Message History

You sense a monster nearby.
The orc priest is too close now for your liking.
The orc priest shouts!
You closely miss the orc priest. You block the orc priest's attack.
You puncture the orc priest!
The orc priest is heavily wounded.
You block the orc priest's attack.
You closely miss the orc priest.
The orc priest is moderately wounded.
The orc priest calls down the wrath of Beogh upon you.
Beogh smites you!
The orc priest invokes the aid of Beogh against you.
Beogh smites you!
You are too injured to fight recklessly!
You are too injured to fight recklessly!
You closely miss the orc priest.
The orc priest is moderately wounded.
The orc priest mumbles some strange prayers to Beogh against you.
Beogh smites you!
You die...

### #)# ..©#©!+
..+/
....####.###...#..#
#..............#8P#
#.###....).....####
####.##.##....
#(##.# ## #(##.#
#(##.# ##.##@#
#...#o####
###.....=..###.
........<.......
#...######.#.##.%
.... .#.# ... .# #
... ##


You could see an orc priest.

Vanquished Creatures
  A gnoll (D:1)
  An adder (D:3)
  An ooze (D:1)
  2 worms (D:2)
  2 dart slugs
  2 leopard geckos (D:2)
  6 orcs (D:2)
  A giant cockroach (D:1)
  7 goblins
  8 hobgoblins
  5 jackals
  8 bats
  3 frilled lizards
  5 kobolds
  5 rats
57 creatures vanquished.

Notes
Turn   | Place    | Note
-------+----------+-------------------------------------------
     0 | D:1      | Niddhogr the Formicid Fighter began the quest for the Orb.
     0 | D:1      | Reached XP level 1. HP: 18/18 MP: 1/1
    68 | D:1      | Reached skill level 1 in Stealth
    68 | D:1      | Reached XP level 2. HP: 18/24 MP: 2/2
   218 | D:1      | Reached XP level 3. HP: 26/29 MP: 3/3
   786 | D:2      | Reached XP level 4. HP: 33/35 MP: 4/4
  1209 | D:2      | Found a glowing silver altar of Zin.
  1536 | D:3      | Found a transporter.
  1537 | D:3      | Noticed Sigmund
  1597 | D:3      | Reached XP level 5. HP: 28/41 MP: 5/5
  1646 | D:3      | Found a transporter.
  1662 | D:3      | Killed from afar by an orc priest

Vault maps used:
D:1:      minmay_arrival_open_corners
D:2:      old_standard_altar, kennysheep_cluttered_room
D:3:      gammafunk_steamed_eel, first_ration, uniq_sigmund

Skill      XL: |  1  2  3 |
---------------+----------+-----
Stealth        | 1 2 3 |  3.8
Polearms       | 3 |  3.6
Fighting       | |  3.2
Armour         | |  3.2
Shields        | |  3.6

Action                   |  1- 3 |  4- 6 || total
-------------------------+-------+-------++-------
Melee: Trident           |   105 |   111 ||   216
  Eat: Chunk             |       |     3 ||     3
Armor: Scale mail        |    26 |    43 ||    69
Dodge: Dodged            |    22 |    35 ||    57
Block: Shield            |    54 |    47 ||   101

Table legend:
 A = Spawn XP
 B = Non-spawn XP
 C = Spawn XP percentage of total XP
 D = Spawn monster count
 E = Non-spawn monster count
 F = Spawn count percentage of total count
 G = Total turns spent on level
                    A         B        C        D         E        F      G
               +---------+---------+-------+---------+---------+-------+---------
         Total |       0 |     142 |   0.0 |       0 |      57 |   0.0 |  1662
               +---------+---------+-------+---------+---------+-------+---------
           D:1 |       0 |      52 |   0.0 |       0 |      21 |   0.0 |   602
           D:2 |       0 |      64 |   0.0 |       0 |      27 |   0.0 |   895
           D:3 |       0 |      26 |   0.0 |       0 |       9 |   0.0 |   165
               +---------+---------+-------+---------+---------+-------+---------
